 Dungeon Crawl Stone Soup version 0.23.2 (webtiles) character file.

Game seed: 9575900864050405126

1148 Fang the Skirmisher (level 8, 0/51 HPs)
             Began as a Gargoyle Berserker on Apr 8, 2019.
             Was a Priest of Trog.
             Slain by a two-headed ogre
             ... wielding the +10 dire flail of Tumult {crush, *Rage rF+ Str+4}
              (14 damage)
             ... on level 7 of the Dungeon.
             The game lasted 00:06:57 (6417 turns).

Fang the Skirmisher (Gargoyle Berserker)            Turns: 6417, Time: 00:06:58

Health: 0/51       AC: 10    Str: 23    XL:     8   Next: 38%
Magic:  8/8        EV: 13    Int:  8    God:    Trog [***...]
Gold:   460        SH:  0    Dex:  9    Spells: 7/7 levels left

rFire    . . .     SeeInvis +   o - +2 hand axe (freeze)
rCold    . . .     Gourm    +   (no shield)
rNeg     + . .     Faith    .   b - +0 animal skin
rPois    ∞         Spirit   .   (no helmet)
rElec    +         Reflect  .   t - +1 cloak
rCorr    .         Harm     .   (no gloves)
MR       ++...                  (no boots)
Stlth    ++........             F - amulet of the gourmand
HPRegen  1.17/turn              D - ring of see invisible
MPRegen  0.11/turn              x - ring of stealth

@: berserk cooldown, regenerating, slowed, very slow
A: negative energy resistance 1, electricity resistance, unbreathing,
petrification resistance, rot immunity, AC +5
a: Berserk, Trog's Hand, Renounce Religion


You were on level 7 of the Dungeon.
You worshipped Trog.
Trog was most pleased with you.
You were not hungry.

You visited 2 branches of the dungeon, and saw 8 of its levels.

You collected 460 gold pieces.

Inventory:

Hand Weapons
 a - a +0 hand axe
 o - a +2 hand axe of freezing (weapon)
Armour
 b - a +0 animal skin (worn)
 t - a +1 cloak (worn)
Jewellery
 x - a ring of stealth (right hand)
 D - a ring of see invisible (left hand)
 F - an amulet of the gourmand (around neck)
Wands
 C - a wand of flame (16)
Scrolls
 f - 3 scrolls of blinking {unknown}
 h - 12 scrolls of identify {unknown}
 i - 3 scrolls of amnesia {unknown}
 l - 5 scrolls of fog {unknown}
 m - 4 scrolls of remove curse {unknown}
 p - 3 scrolls of teleportation {unknown}
 s - 3 scrolls of magic mapping {unknown}
 u - a scroll of immolation {unknown}
 v - a scroll of noise {unknown}
 w - a scroll of acquirement {unknown}
 y - a scroll of enchant armour {unknown}
 E - a scroll of fear {unknown}
 G - a scroll of summoning {unknown}
Potions
 d - 2 potions of lignification {unknown}
 e - a potion of brilliance {unknown}
 g - a potion of magic {unknown}
 j - 2 potions of curing {unknown}
 k - 2 potions of heal wounds {unknown}
 n - 5 potions of mutation {unknown}
 q - a potion of resistance {unknown}
 r - a potion of berserk rage {unknown}
 z - a potion of might {unknown}
 A - a potion of agility {unknown}
 B - a potion of flight {unknown}
Comestibles
 c - 13 rations


   Skills:
 + Level 6.1 Fighting
 + Level 5.2 Axes
 + Level 5.6 Armour
 + Level 4.2 Dodging


You had 7 spell levels left.
You didn't know any spells.
Your spell library was empty.

Dungeon Overview and Level Annotations

Branches:
Dungeon (7/15)             Temple (1/1) D:7

Altars:
Ashenzari
Nemelex Xobeh

Shops:
D:5 ?

Annotations:
D:7 1 transporter, withersans's ghost, novice DEMo


Innate Abilities, Weirdness & Mutations

You are resistant to torment.
Your stone body is resilient. (AC +5)
You are immune to poison.
You resist negative energy. (rN+)
You are resistant to electric shocks. (rElec)
You can survive without breathing.
You are immune to petrification.
You are immune to rotting.


Message History

You are too injured to fight recklessly!
You are too injured to fight recklessly!
You are too injured to fight recklessly!
Your skin crawls.
You feel resistant to hostile enchantments.
You feel somewhat more hungry. Withersans's ghost hits you.
Withersans's ghost barely misses you.
Withersans's ghost hits you but does no damage.
Withersans's ghost says, "I have plenty of time to study, now."
Withersans's ghost hits you but does no damage.
The ogre hits you with a +0 giant spiked club!
The ogre barely misses you.
Withersans's ghost says, "Missed me!"
Withersans's ghost closely misses you.
The two-headed ogre hits you with the +10 dire flail of Tumult {crush, *Rage rF+ Str+4}.
The two-headed ogre hits you with the cursed +1 dire flail "Egoqarub" {vamp, rC++}.
* * * LOW HITPOINT WARNING * * *
The two-headed ogre closely misses you. x2
The two-headed ogre hits you with the +10 dire flail of Tumult {crush, *Rage rF+ Str+4}!
You die...

###......#### #.## ###.###..####
#.# ....# #.....# #.##### ####
....###.###.# #.....# #...
###.....###.#####.###.## #.##
..##..............##...#######.##
#.>......##.###.....©.©......>...
####..##.##.# ################.##
####........# ##@...[%!....###...
.....##...### #WO##...##..# ####
#######...# #O#O.#.#..#.# # #
#...# #.#..#.#..#.# # # #...#
#..##...##..###### # #.(.#
#.....©.....#....#
#######...##################....#
#...............................#
....................#...........#


You could see a two-headed ogre, 2 ogres and withersans's ghost.

Vanquished Creatures
  2 ice beasts
  3 phantoms
  An ogre (D:5)
  A scorpion (D:6)
  A howler monkey (D:5)
  A crimson imp (D:7)
  2 hounds
  2 orc wizards (D:4)
  3 orc priests
  An iguana (D:4)
  2 worker ants (D:4)
  7 adders
  4 gnolls (D:5)
  A shadow imp (D:2)
  An ooze (D:3)
  2 adder skeletons
  2 worms
  A dart slug (D:1)
  2 leopard geckos
  6 orcs
  2 ball pythons
  8 giant cockroaches
  5 goblins
  12 hobgoblins
  3 jackals
  A quokka (D:2)
  10 bats
  10 frilled lizards
  11 kobolds
  A leopard gecko zombie (D:7)
  8 rats
116 creatures vanquished.

Notes
Turn   | Place    | Note
-------+----------+-------------------------------------------
     0 | D:1      | Fang the Gargoyle Berserker began the quest for the Orb.
     0 | D:1      | Reached XP level 1. HP: 14/14 MP: 1/1
   126 | D:1      | Reached XP level 2. HP: 19/19 MP: 2/2
   395 | D:1      | Reached XP level 3. HP: 23/23 MP: 3/3
   403 | D:1      | Reached ** piety under Trog
  1022 | D:2      | Found a sparkling altar of Nemelex Xobeh.
  1042 | D:2      | Reached XP level 4. HP: 25/29 MP: 4/4
  1716 | D:3      | Reached skill level 4 in Fighting
  1989 | D:3      | Reached *** piety under Trog
  2008 | D:3      | Noticed a phantom
  2018 | D:3      | Reached XP level 5. HP: 33/33 MP: 5/5
  2115 | D:3      | Killed a phantom
  2115 | D:3      | Reached XP level 6. HP: 18/39 MP: 6/6
  2171 | D:3      | Found a faded altar of an unknown god.
  2815 | D:4      | Noticed a phantom
  2861 | D:4      | Killed a phantom
  2861 | D:4      | Reached skill level 5 in Fighting
  2861 | D:4      | Reached XP level 7. HP: 17/44 MP: 7/7
  3064 | D:4      | Found a shattered altar of Ashenzari.
  3981 | D:5      | Entered Level 5 of the Dungeon
  4341 | D:5      | Found Coafiopp's Magic Scroll Shoppe.
  4470 | D:5      | Reached skill level 5 in Armour
  5071 | D:6      | Reached XP level 8. HP: 51/51 MP: 8/8
  5203 | D:6      | Reached skill level 5 in Axes
  5379 | D:6      | Reached skill level 6 in Fighting
  5727 | D:7      | Found a staircase to the Ecumenical Temple.
  5740 | Temple   | Entered the Ecumenical Temple
  5832 | D:7      | Found a transporter.
  5832 | D:7      | Noticed withersans's ghost (novice DEMo)
  5833 | D:7      | Found a transporter.
  5835 | D:7      | Identified the +10 dire flail of Tumult {crush, *Rage rF+
                  | Str+4}
  5835 | D:7      | Identified the cursed +1 dire flail "Egoqarub" {vamp, rC++}
  5835 | D:7      | Noticed a two-headed ogre
  6417 | D:7      | Slain by a two-headed ogre

Skill      XL: |  1  2  3  4  5  6  7  8 |
---------------+-------------------------+-----
Axes           | 3 4 5 |  5.2
Dodging        | 2 3 4 |  4.2
Armour         | 3 4 5 |  5.6
Fighting       | 4 5 6 |  6.1

Action                   |  1- 3 |  4- 6 |  7- 9 || total
-------------------------+-------+-------+-------++-------
Melee: Hand axe          |   140 |   164 |   186 ||   490
Invok: Berserk           |       |     1 |     5 ||     6
       Trog's Hand       |       |     3 |     3 ||     6
 Stab: Sleeping          |       |       |     1 ||     1
  Eat: Chunk             |     1 |     7 |    14 ||    22
       Ration            |       |       |     2 ||     2
Armor: Animal skin       |    50 |    49 |    54 ||   153
Dodge: Dodged            |   108 |    97 |   112 ||   317
